 Dungeon Crawl Stone Soup version 0.31-a0-844-gdc52ec4e09 (webtiles) character file.

Game seed: 13114099086353422033

437 HessuHobo the Covered (level 7, 0/44 HPs)
             Began as a Gargoyle Fighter on Sept 29, 2023.
             Slain by an ogre
             ... wielding a +0 giant club
              (18 damage)
             ... on level 5 of the Dungeon.
             The game lasted 00:08:43 (4098 turns).

HessuHobo the Covered (Gargoyle Fighter)            Turns: 4098, Time: 00:08:43

Health: 0/44       AC: 27    Str: 22    XL:     7   Next: 1%
Magic:  7/7        EV:  6    Int:  8    God:
Gold:   163        SH:  0    Dex:  9    Spells: 6/6 levels left

rFire   + . .        o - +3 dire flail (protect)
rCold   x . .        (shield currently unavailable)
rNeg    + . .        l - +0 plate armour
rPois   ∞            E - +0 helmet
rElec   +            x - +0 cloak
rCorr   +            w - +0 pair of gloves
SInv    .            (no boots)
Will    .....        (no amulet) Stlth
                     f - ring of resist corrosion
HPRegen 0.27/turn    i - ring of fire
MPRegen 0.10/turn

%: no passive effects
@: under a protective aura
A: sickness immunity, AC +4, negative energy resistance 1, electricity
resistance, torment resistance 1, petrification resistance
a: no special abilities


You were on level 5 of the Dungeon.
You visited 1 branch of the dungeon, and saw 5 of its levels.

You collected 163 gold pieces.

Inventory:

Hand Weapons
 a - a +0 flail
 h - a +1 dagger of venom
 o - a +3 dire flail of protection (weapon)
 s - a +0 war axe
 t - a +0 short sword of draining
 y - a +2 whip of flaming
 D - a +1 orcbow of electrocution
Armour
 b - a +0 scale mail
 c - a +0 buckler
 l - a +0 plate armour (worn)
 r - a +0 buckler
 w - a +0 pair of gloves (worn)
 x - a +0 cloak (worn)
 E - a +0 helmet (worn)
Jewellery
 f - a ring of resist corrosion (left hand)
 g - a ring of magical power
 i - a ring of fire (right hand)
 u - a ring of see invisible
Wands
 C - a wand of paralysis (7)
Scrolls
 e - 3 scrolls of teleportation
 j - 2 scrolls of immolation
 k - a scroll of noise
 n - 2 scrolls of blinking
 p - a scroll of fear {unknown}
 z - a scroll of revelation
 B - 2 scrolls of fog {unknown}
 G - a scroll of silence {unknown}
Potions
 d - 2 potions of might
 m - 5 potions of lignification
 q - 2 potions of invisibility
 v - a potion of degeneration {unknown}
 A - a potion of heal wounds {unknown}
 F - a potion of ambrosia {unknown}


   Skills:
 + Level 5.0 Fighting
 - Level 0.4(2.7) Axes
 * Level 4.8 Maces & Flails
 + Level 5.0 Armour
 + Level 3.9 Shields


You had 6 spell levels left.
You didn't know any spells.
Your spell library contained the following spells:

 Spells                   Type           Power      Damage    Failure   Level
 Scorch                   Fire           0%         2d5       100%        2
 Flame Wave               Conj/Fire      0%         2d4       100%        4
 Summon Cactus Giant      Summ           0%         N/A       100%        6


Dungeon Overview and Level Annotations

Branches:
Dungeon (5/15)
 Temple: D:4-7

Altars:
Sif Muna
Vehumet
Xom

Shops:
D:2 (([   D:5 *

Annotations:
D:5 2 transporters


Innate Abilities, Weirdness & Mutations

You are immune to sickness and miasma.
Your stone body is resilient. (AC +4)
You are immune to poison.
You resist negative energy. (rN+)
You are resistant to electric shocks. (rElec)
You are resistant to unholy torment.
You are immune to petrification.


Message History

The orc is lightly wounded.
The orc hits you but does no damage.
You sock the orc!
You kill the orc!
You have reached level 7!
You thump the orc!
You kill the orc!
The orc hits you but does no damage.
Items here: ))) †.
You hit the orc.
The orc is almost dead.
The orc barely misses you.
You closely miss the orc.
The orc is almost dead.
The orc barely misses you.
You closely miss the orc.
The orc is almost dead.
The orc barely misses you.
You puncture the orc!
You kill the orc!
No target in view!
Things that are here:
a +0 dagger; an orc corpse The orc shouts!
You hear a shout!
An ogre comes into view. It is wielding a +0 giant club.
There are monsters nearby!
There are monsters nearby!
There are monsters nearby!
The ogre hits you with a +0 giant club! The orc hits you but does no damage.
You puncture the ogre!
Your weapon exudes an aura of protection.
The ogre is moderately wounded.
The orc barely misses you. The ogre hits you with a +0 giant club!
You barely miss the ogre.
The ogre is moderately wounded.
The orc barely misses you.
You hit the ogre.
The ogre is moderately wounded.
The ogre hits you with a +0 giant club!!
You die...

## .# ### ########...
.. ... ......... .#
#.# ##.....## .# #.#
#......$##. .# #.#
##..o>...... .# #.#
#..@O.......
.#######.#
#.#.....#.#.
.........# ##.##...##
########.####...##.##
########...)).#....[.>
........#####...##.###
#######.# ##.## ..# #
#.# .# .# # #.# .#


You could see an ogre and an orc.

Vanquished Creatures
  Edmund (D:5)
  A scorpion (D:5)
  A gnoll bouda (D:5)
  A hound (D:4)
  2 iguanas (D:4)
  3 gnolls (D:5)
  2 adders
  A worm (D:2)
  5 dart slugs
  10 orcs
  4 endoplasms
  5 giant cockroaches
  8 goblins
  7 hobgoblins
  5 jackals
  4 quokkas (D:1)
  4 ball pythons
  7 bats
  2 frilled lizards
  5 kobolds
  7 rats
85 creatures vanquished.

Notes
Turn   | Place    | Note
-------+----------+-------------------------------------------
     0 | D:1      | HessuHobo the Gargoyle Fighter began the quest for the Orb.
     0 | D:1      | Reached XP level 1. HP: 14/14 MP: 1/1
    45 | D:1      | Reached XP level 2. HP: 14/19 MP: 2/2
   627 | D:1      | Reached XP level 3. HP: 22/24 MP: 3/3
  1089 | D:2      | Found Fym Wuen's Armour Shop.
  1308 | D:2      | Found Voepsi's Weapon Emporium.
  1415 | D:2      | Found Hatagah's Weapon Shop.
  1719 | D:3      | Reached XP level 4. HP: 29/29 MP: 4/4
  2155 | D:3      | Found a shimmering blue altar of Sif Muna.
  2155 | D:3      | Found a radiant altar of Vehumet.
  2863 | D:4      | Found a shimmering altar of Xom.
  2939 | D:4      | Reached XP level 5. HP: 31/34 MP: 5/5
  3543 | D:5      | Entered Level 5 of the Dungeon
  3543 | D:5      | Found a transporter.
  3544 | D:5      | Found Xylaeczouti's General Store.
  3597 | D:5      | Reached XP level 6. HP: 39/39 MP: 6/6
  3705 | D:5      | Found a transporter.
  3714 | D:5      | Noticed Edmund
  3738 | D:5      | Killed Edmund
  3945 | D:5      | Reached skill level 5 in Fighting
  3945 | D:5      | Reached skill level 5 in Armour
  4084 | D:5      | Reached XP level 7. HP: 44/44 MP: 7/7
  4098 | D:5      | Slain by an ogre

Illustrated notes

Levels and vault maps discovered:
D:1:      spicycebolla_green_bress_n_ham_2, layout_basic
D:2:      layout_loops_cross, serial_shops, shop, shop,
          nicolae_shop_bloodbath_and_beyond
D:3:      layout_basic, gammafunk_temple_overflow_elements
D:4:      layout_rooms, kennysheep_mini_moat
D:5:      layout_loops_ring, mainiacjoe_overflow_chevrons, serial_shops,
          nicolae_shop_drivethru, uniq_edmund

Skill      XL: |  1  2  3  4  5  6 |
---------------+-------------------+-----
Fighting       | 4 5 |  5.0
Armour         | 4 5 |  5.0
Maces & Flails | 3 4 |  4.8
Axes           | |  0.4
Shields        | |  3.9

Action                     |  1- 3 |  4- 6 |  7- 9 || total
---------------------------+-------+-------+-------++-------
  Melee: Flail             |    61 |       |       ||    61
         War axe           |    43 |       |       ||    43
         Whip              |    16 |   181 |       ||   197
         Dire flail        |       |    23 |     8 ||    31
    Use: Scroll            |       |     7 |       ||     7
         Potion            |       |     3 |       ||     3
 Armour: Scale mail        |    41 |       |       ||    41
         Plate armour      |    68 |   177 |     5 ||   250
  Dodge: Dodged            |    37 |    57 |     5 ||    99
  Block: Buckler           |    20 |    26 |       ||    46

Table legend: (Time is in decaauts)
 A = Elapsed time spent in this place.
 B = Non-inter-level travel time spent in this place.
 C = Inter-level travel time spent in this place.
 D = Time resting spent in this place.
 E = Time spent auto-exploring this place.
 F = Levels seen in this place.
 G = Mean time per level.
                   A        B        C        D        E       F      G
               +--------+--------+--------+--------+--------+-----+--------+
         Total |   4130 |   3732 |    398 |    732 |   2278 |   5 |  826.0 |
       Dungeon |   4130 |   3732 |    398 |    732 |   2278 |   5 |  826.0 |
               +--------+--------+--------+--------+--------+-----+--------+

Top non-repeatable levels by time:
     D:3: 1190 daAuts
     D:1: 988 daAuts
     D:2: 703 daAuts
     D:4: 694 daAuts
     D:5: 553 daAuts
